 Dungeon Crawl Stone Soup version 0.30-a0-371-gad7725a93e (webtiles) character file.

Game seed: 16505652696349970330

65267 DeathPants the Executioner (level 14, -13/135 HPs)
             Began as a Minotaur Monk on Nov 21, 2022.
             Was an Initiate of Gozag.
             Mangled by a frost giant
             ... wielding a +0 battleaxe of freezing
              (22 damage)
             ... on level 14 of the Dungeon.
             The game lasted 00:53:27 (22667 turns).

DeathPants the Executioner (Minotaur Monk)         Turns: 22667, Time: 00:53:28

Health: -13/135    AC: 22    Str: 30    XL:     14   Next: 74%
Magic:  13/13      EV: 13    Int: 10    God:    Gozag
Gold:   3848       SH:  0    Dex: 11    Spells: 13/13 levels left

rFire   . . .      SeeInvis .    a - +9 executioner's axe (elec)
rCold   . . .      Faith    .    (shield currently unavailable)
rNeg    + . .      Spirit   .    k - +3 chain mail {rN+}
rPois   +          Reflect  .    (helmet unavailable)
rElec   .          Harm     .    m - +0 cloak
rCorr   .          Rampage  .    r - +2 pair of gloves {hurl}
Will    +....                    (no boots)
Stlth   ..........               (no amulet)
HPRegen 0.42/turn                i - +6 ring of strength
MPRegen 0.13/turn                d - ring of poison resistance

@: gold aura
A: horns 3, retaliatory headbutt, iridescent scales 1, clever 1, strong 1
a: Renounce Religion, Potion Petition, Call Merchant, Bribe Branch


You were on level 14 of the Dungeon.
You worshipped Gozag.
Gozag was most pleased with you.
You visited 3 branches of the dungeon, and saw 20 of its levels.
You also visited: Sewer and Ossuary.

You collected 5630 gold pieces.
You spent 1015 gold pieces at shops.
You paid 767 gold pieces to Gozag.

Inventory:

Hand Weapons
 a - a +9 executioner's axe of electrocution (weapon)
 b - a +1 battleaxe of flaming
Missiles
 G - 12 boomerangs (quivered)
 L - 2 silver boomerangs
 P - 6 silver javelins
Armour
 k - a +3 chain mail of positive energy (worn)
 m - a +0 cloak (worn)
 r - a +2 pair of gloves of hurling (worn)
Jewellery
 d - a ring of poison resistance (right hand)
 i - a +6 ring of strength (left hand)
 o - a ring of willpower
 Q - a ring of see invisible
Wands
 e - a wand of flame (34)
 h - a wand of paralysis (2)
 y - a wand of light (9)
 J - a wand of digging (7)
 R - a wand of iceblast (19)
 S - a wand of polymorph (3)
Scrolls
 f - a scroll of summoning
 n - 4 scrolls of magic mapping
 q - 3 scrolls of enchant weapon
 u - 11 scrolls of teleportation
 v - 4 scrolls of blinking
 B - 3 scrolls of fear
 K - a scroll of silence
 M - 2 scrolls of butterflies
 O - 15 scrolls of identify
 V - 2 scrolls of enchant armour
Potions
 c - 2 potions of ambrosia
 g - 2 potions of attraction
 j - 7 potions of brilliance
 l - 5 potions of might
 p - 13 potions of curing
 s - 5 potions of resistance
 t - 5 potions of lignification
 w - 2 potions of flight
 x - 4 potions of haste
 z - 2 potions of invisibility {unknown}
 A - a potion of heal wounds
 N - 5 potions of mutation
 T - 2 potions of cancellation


   Skills:
 - Level 15.0 Fighting
 * Level 22.2 Axes
 - Level 11.5 Armour
 - Level 11.2 Dodging
 - Level 1.5 Stealth


You had 13 spell levels left.
You didn't know any spells.
Your spell library contained the following spells:

 Spells                   Type           Power      Damage    Failure   Level
 Apportation              Tloc           0%         N/A       80%         1
 Beastly Appendage        Tmut           0%         N/A       80%         1
 Freeze                   Ice            0%         1d3       80%         1
 Necrotise                Necr           0%         1d4       80%         1
 Summon Small Mammal      Summ           0%         N/A       80%         1
 Blink                    Tloc           0%         N/A       91%         2
 Wereblood                Tmut           0%         N/A       91%         2
 Call Canine Familiar     Summ           0%         N/A       99%         3
 Frozen Ramparts          Ice            0%         1d1       99%         3
 Gell's Gravitas          Tloc           0%         N/A       99%         3
 Hailstorm                Conj/Ice       0%         3d3       99%         3
 Lesser Beckoning         Tloc           0%         N/A       99%         3
 Portal Projectile        Hex/Tloc       0%         N/A       99%         3
 Spider Form              Tmut/Pois      0%         N/A       99%         3
 Summon Guardian Golem    Hex/Summ       0%         N/A       99%         3
 Teleport Other           Tloc           0%         N/A       99%         3
 Vampiric Draining        Necr           0%         2d6       99%         3
 Leda's Liquefaction      Hex/Erth       0%         N/A       100%        4
 Manifold Assault         Tloc           0%         N/A       100%        4
 Agony                    Necr           0%         N/A       100%        5
 Fireball                 Conj/Fire      0%         3d3       100%        5
 Iskenderun's Battlesphe  Conj           0%         2d6       100%        5
 Lee's Rapid Deconstruct  Erth           0%         3d4*      100%        5
 Conjure Ball Lightning   Conj/Air       0%         3x3d6     100%        6
 Statue Form              Tmut/Erth      0%         N/A       100%        6
 Orb of Destruction       Conj           0%         9d5       100%        7
 Storm Form               Tmut/Air       0%         N/A       100%        7


Dungeon Overview and Level Annotations

Branches:
Dungeon (14/15)            Temple (1/1) D:4            Lair (5/5) D:8
  Swamp (0/4) Lair:3        Snake (0/4) Lair:2        Slime (0/5) Lair:4
    Orc (0/2) D:12         Vaults (0/5) D:14          Sewer (visited)
Ossuary (visited)

Altars:
Ashenzari
Cheibriados
Fedhas
Gozag
Kikubaaqudgha
Makhleb
Qazlal
Ru
Vehumet
Wu Jian
Xom
The Shining One
Jiyva

Shops:
D:5 (   D:9 ?   D:10 :   D:14 *   Lair:2 (

Annotations:
D:14 Fooseb's ghost, journeyman DjNe; Urug


Innate Abilities, Weirdness & Mutations

You have a pair of large horns on your head.
You reflexively headbutt those who attack you in melee.
You are partially covered in iridescent scales. (AC +2)
Your mind is acute. (Int +4, Str/Dex -1)
Your muscles are strong. (Str +4, Int/Dex -1)


Message History

You slice the tengu warrior!!
You kill the tengu warrior!
You slash the frost giant!
The frost giant hits you with a +0 battleaxe of freezing!!
* * * LOW HITPOINT WARNING * * *
The frost giant freezes you.
* * * LOW HITPOINT WARNING * * *
You slash the efreet! Lightning courses through the efreet!
You headbutt the efreet.
The efreet is almost dead.
You hit the frost giant. You chop Fooseb's ghost into pieces!!!
The frost giant casts a spell at you. The bolt of cold misses you.
The efreet misses you. You furiously retaliate!
You headbutt the efreet!!
You kill the efreet!
Fooseb's ghost hits you but does no damage.
You writhe in agony.
* * * LOW HITPOINT WARNING * * *
Okay, then.
Throw: throwing net
Press: ? - help, Shift-Dir - straight line, f - frost giant
Aim: a frost giant, wielding a +0 battleaxe of freezing (lightly wounded, 88% to hit, immune to nets)
You throw a throwing net. The throwing net hits the frost giant.
The frost giant is too large for the net to hold!
The frost giant is lightly wounded.
The frost giant is distracted by your dazzling golden aura.
Fooseb's ghost hits you but does no damage.
You writhe in agony.
* * * LOW HITPOINT WARNING * * *
You slice the frost giant!!
The frost giant is no longer distracted by gold.
You headbutt the frost giant, but do no damage.
The frost giant is moderately wounded.
You miss Fooseb's ghost.
Fooseb's ghost hits you but does no damage.
You writhe in agony.
* * * LOW HITPOINT WARNING * * *
The frost giant hits you with a +0 battleaxe of freezing!!
You die...
Your body crumbles into a pile of gold.

$
#######.##..#####
# ##.8∩8.###...#
#!$..$$∩##..##
#8$.8.$8#...#
#.$$_$$○#..##
##.$$$$##.##
###''°##..#
#.[...C..##
#.....$@.#
####..W.## ##..##
$ #..# ..## ...
#..# ...


You could see a frost giant and Fooseb's ghost.

Vanquished Creatures
  Kirke (D:12)
  Nessos (D:13)
  Fannar (Lair:3)
  8 hydras
  3 catoblepae
  A centaur warrior (D:11)
  2 two-headed ogres
  A merfolk avatar (Lair:5)
  Erica (D:9)
  3 boulder beetles (D:11)
  6 death yaks
  2 tengu warriors
  A sea snake (Lair:5)
  3 deep elf pyromancers
  A bog body (Lair:3)
  2 lindwurms
  3 ugly things
  3 oklob plants (Lair:4)
  3 manticores (Lair:5)
  2 cyclopes
  20 elephants
  A guardian serpent (D:13)
  4 black mambas
  2 torpor snails (Lair:2)
  7 cane toads
  2 gargoyles (D:12)
  An unseen horror (D:11)
  A kobold demonologist (D:12)
  2 rime drakes
  13 komodo dragons
  An ice devil (Lair:3)
  2 efreet (D:14)
  2 wind drakes (Lair:5)
  2 hornets
  Prince Ribbit (D:8)
  A tyrant leech (Lair:3)
  2 polar bears (Lair:3)
  A snapping turtle (Lair:5)
  13 dream sheep
  51 yaks
  A shadow (D:12)
  6 wyverns
  2 hogs (D:12)
  3 wraiths
  2 basilisks
  3 steam dragons
  Grum (D:11)
  2 nagas (Lair:2)
  2 swamp worms (Lair:3)
  2 acid dragons
  A harpy simulacrum (Lair:3)
  16 water moccasins
  3 orc warriors
  A floating eye (Lair:4)
  A sky beast (D:6)
  5 black bears
  11 wolves
  A phantom (D:5)
  10 centaurs
  5 kobold brigands
  11 bullfrogs
  2 necrophages
  4 gnoll sergeants
  A cane toad simulacrum (Lair:3)
  4 scorpions
  A water moccasin zombie (Ossuary)
  9 wights (D:7)
  5 howler monkeys
  An electric eel (Lair:2)
  4 centaur zombies (Ossuary)
  10 orc priests
  2 hounds
  A human zombie (Ossuary)
  2 jellies
  2 gnoll boudas
  An iguana (D:7)
  9 orc wizards
  2 scorpion zombies (Ossuary)
  A polar bear simulacrum (Lair:3)
  A spriggan simulacrum (Lair:3)
  An ogre zombie (Ossuary)
  23 gnolls
  13 adders
  5 river rats (Sewer)
  2 shadow imps
  19 white imps
  6 adder zombies (Ossuary)
  4 worms
  2 dart slugs (D:3)
  56 orcs
  12 endoplasms
  2 giant cockroaches
  11 goblins
  8 hobgoblins
  10 jackals
  5 quokkas
  10 ball pythons
  8 bats
  6 frilled lizards
  3 gnoll zombies (Ossuary)
  3 goblin zombies (Ossuary)
  6 hobgoblin zombies (Ossuary)
  30 kobolds
  3 orc zombies (Ossuary)
  2 rats
578 creatures vanquished.

Vanquished Creatures (others)
  A polar bear (Lair:3)
  24 fungi
  110 plants
135 creatures vanquished.

Grand Total: 713 creatures vanquished

Notes
Turn   | Place    | Note
-------+----------+-------------------------------------------
     0 | D:1      | DeathPants the Minotaur Monk began the quest for the Orb.
     0 | D:1      | Reached XP level 1. HP: 19/19 MP: 0/0
   126 | D:1      | Reached XP level 2. HP: 25/27 MP: 1/1
   152 | D:1      | Reached skill level 4 in Axes
   192 | D:1      | Reached skill level 1 in Armour
   284 | D:2      | Reached XP level 3. HP: 29/33 MP: 2/2
   386 | D:2      | Found a glowing golden altar of the Shining One.
   956 | D:2      | You fall into a shaft and drop 2 floors!
   956 | D:4      | Found a blossoming altar of Fedhas.
   984 | D:4      | Noticed a black bear
   990 | D:4      | Gained mutation: You are clumsy. (Dex -2) [potion of
                  | mutation]
   990 | D:4      | Gained mutation: Your magical capacity is low. (-10% MP)
                  | [potion of mutation]
   990 | D:4      | Gained mutation: You do not regenerate when monsters are
                  | visible. [potion of mutation]
   997 | D:4      | Killed a black bear
   998 | D:4      | Reached skill level 5 in Axes
   998 | D:4      | Reached XP level 4. HP: 26/41 MP: 2/2
   998 | D:4      | Reached XP level 5. HP: 30/47 MP: 3/3
  1057 | D:4      | Lost mutation: Your magical capacity is low. (-10% MP)
                  | [potion of mutation]
  1057 | D:4      | Lost mutation: You are clumsy. (Dex -2) [potion of
                  | mutation]
  1057 | D:4      | Lost mutation: You do not regenerate when monsters are
                  | visible. [potion of mutation]
  1057 | D:4      | Gained mutation: Your spells are a little easier to cast,
                  | but a little less powerful. [potion of mutation]
  1057 | D:4      | Gained mutation: Your muscles are strong. (Str +4, Int/Dex
                  | -1) [potion of mutation]
  1057 | D:4      | Gained mutation: You are frail. (-10% HP) [potion of
                  | mutation]
  1137 | D:4      | Found a glowing drain.
  1153 | Sewer    | Entered a sewer
  1251 | Sewer    | Reached XP level 6. HP: 23/49 MP: 5/5
  1343 | Sewer    | Reached skill level 6 in Axes
  1413 | Sewer    | Reached skill level 5 in Fighting
  1908 | D:5      | Entered Level 5 of the Dungeon
  2069 | D:5      | Reached XP level 7. HP: 36/54 MP: 6/6
  2187 | D:5      | Found a sand-covered staircase.
  2194 | Ossuary  | Entered an ossuary
  2205 | Ossuary  | Reached skill level 5 in Dodging
  2230 | Ossuary  | Reached skill level 7 in Axes
  2381 | Ossuary  | Reached skill level 8 in Axes
  2548 | Ossuary  | Noticed a wraith
  2559 | Ossuary  | Killed a wraith
  2560 | Ossuary  | Reached XP level 8. HP: 20/63 MP: 7/7
  2560 | Ossuary  | Noticed a silent spectre
  2886 | D:4      | Lost mutation: Your spells are a little easier to cast, but
                  | a little less powerful. [potion of mutation]
  2886 | D:4      | Lost mutation: You are frail. (-10% HP) [potion of
                  | mutation]
  2886 | D:4      | Gained mutation: Your mind is acute. (Int +4, Str/Dex -1)
                  | [potion of mutation]
  2886 | D:4      | Gained mutation: You have a pair of large horns on your
                  | head. [potion of mutation]
  2886 | D:4      | Gained mutation: You are partially covered in iridescent
                  | scales. (AC +2) [potion of mutation]
  2926 | D:4      | Found a stormy altar of Qazlal.
  2998 | D:3      | Found a broken altar of Ashenzari.
  3832 | D:3      | Reached skill level 9 in Axes
  4068 | D:3      | Found a faded altar of an unknown god.
  4495 | D:5      | Found Peuzol's Weapon Shoppe.
  4622 | D:4      | Found a staircase to the Ecumenical Temple.
  4632 | Temple   | Entered the Ecumenical Temple
  4641 | Temple   | Became a worshipper of Gozag Ym Sagoz the Greedy
  4918 | D:5      | Reached skill level 10 in Axes
  5470 | D:6      | Reached skill level 11 in Axes
  5470 | D:6      | Reached XP level 9. HP: 67/82 MP: 8/8
  5596 | D:6      | Identified a scroll of acquirement
  5596 | D:6      | Acquired a +0 pair of gloves of hurling
  5615 | D:6      | Identified the +9 long sword of Perfectionism {vamp, *Slow
                  | Dex+8}
  6392 | D:7      | Reached skill level 12 in Axes
  6784 | D:7      | Reached skill level 13 in Axes
  7127 | D:8      | Found a transporter.
  7148 | D:8      | Found a transporter.
  7151 | D:8      | Found a transporter.
  7156 | D:8      | Found a transporter.
  7164 | D:8      | Reached skill level 10 in Fighting
  7307 | D:8      | Found a sacrificial altar of Ru.
  7348 | D:9      | Found a snail-covered altar of Cheibriados.
  7363 | D:9      | Reached XP level 10. HP: 69/93 MP: 9/9
  7381 | D:9      | Found Acrosong's Magic Scroll Shoppe.
  7423 | D:9      | Bought a scroll of acquirement for 676 gold pieces
  7423 | D:9      | Bought a scroll of fear for 52 gold pieces
  7423 | D:9      | Bought a scroll of identify for 26 gold pieces
  7425 | D:9      | Acquired a +4 executioner's axe of electrocution
  7570 | D:8      | Found a shimmering altar of Xom.
  7581 | D:8      | Found a staircase to the Lair.
  7820 | D:8      | Noticed Prince Ribbit
  7823 | D:8      | Killed Prince Ribbit
  8164 | D:10     | Entered Level 10 of the Dungeon
  8164 | D:10     | Found Qaevuxac's Book Emporium.
  8170 | D:9      | Noticed Erica
  8182 | D:9      | Killed Erica
  8183 | D:9      | Reached skill level 14 in Axes
  8823 | D:10     | Found a burning altar of Makhleb.
  9074 | D:11     | Noticed a boulder beetle
  9087 | D:11     | Killed a boulder beetle
  9088 | D:11     | Reached skill level 15 in Axes
  9088 | D:11     | Reached skill level 5 in Armour
  9280 | D:10     | Noticed a two-headed ogre
  9285 | D:10     | Killed a two-headed ogre
  9617 | D:11     | Noticed a cyclops
  9625 | D:11     | Killed a cyclops
  9626 | D:11     | Reached XP level 11. HP: 91/102 MP: 10/10
 10123 | D:11     | Identified the +1 ring mail "Neuzumav" {-Tele Will+++ Dex+4
                  | Stlth-}
 10210 | D:11     | Noticed a centaur warrior
 10222 | D:11     | Killed a centaur warrior
 10317 | D:11     | Noticed a two-headed ogre
 10317 | D:11     | Noticed a cyan ugly thing
 10323 | D:11     | Killed a two-headed ogre
 10327 | D:11     | Killed a cyan ugly thing
 10378 | D:11     | Noticed a catoblepas
 10379 | D:11     | Noticed a five-headed hydra
 10388 | D:11     | Killed a catoblepas
 10429 | D:11     | Killed a five-headed hydra
 10430 | D:11     | Reached skill level 16 in Axes
 10688 | D:11     | Noticed a boulder beetle
 10689 | D:11     | Noticed a tengu warrior
 10699 | D:11     | Killed a tengu warrior
 10712 | D:11     | Killed a boulder beetle
 11199 | D:11     | Noticed a boulder beetle
 11212 | D:11     | Killed a boulder beetle
 11225 | D:11     | Noticed Grum
 11241 | D:11     | Killed Grum
 11295 | D:11     | Noticed a green ugly thing
 11305 | D:11     | Killed a green ugly thing
 11852 | D:12     | Reached XP level 12. HP: 104/113 MP: 11/11
 11926 | D:12     | Found a staircase to the Orcish Mines.
 12211 | D:12     | Reached skill level 17 in Axes
 12782 | D:12     | Noticed Kirke
 12793 | D:12     | Killed Kirke
 13612 | Lair:1   | Entered Level 1 of the Lair of Beasts
 14468 | Lair:1   | Reached skill level 18 in Axes
 15819 | Lair:2   | Noticed a death yak
 15819 | Lair:2   | Noticed a death yak
 15820 | Lair:2   | Noticed a death yak
 15825 | Lair:2   | Killed a death yak
 15829 | Lair:2   | Killed a death yak
 15830 | Lair:2   | Reached XP level 13. HP: 70/123 MP: 12/12
 16036 | Lair:2   | Found a staircase to the Snake Pit.
 16384 | Lair:2   | Reached skill level 10 in Armour
 17312 | Lair:2   | Bought a +1 battleaxe of flaming for 261 gold pieces
 17482 | Lair:3   | Noticed Fannar
 17483 | Lair:3   | Found a staircase to the Swamp.
 17488 | Lair:3   | Reached skill level 10 in Dodging
 17498 | Lair:3   | Reached skill level 19 in Axes
 18097 | Lair:3   | Killed Fannar
 19054 | Lair:4   | Paralysed by a floating eye for 2 turns
 19058 | Lair:4   | Paralysed by a floating eye for 4 turns
 19088 | Lair:4   | HP: 3/125 [yak (10)]
 19945 | Lair:5   | Entered Level 5 of the Lair of Beasts
 19953 | Lair:5   | Reached XP level 14. HP: 120/133 MP: 13/13
 19954 | Lair:5   | Reached skill level 20 in Axes
 20570 | Lair:4   | Found a viscous altar of Jiyva.
 20571 | Lair:4   | Found a staircase to the Slime Pits.
 20723 | Lair:5   | Reached skill level 15 in Fighting
 21234 | Lair:5   | Reached skill level 21 in Axes
 22185 | D:13     | Noticed Nessos
 22200 | D:13     | Killed Nessos
 22592 | D:14     | Noticed Urug
 22592 | D:14     | Found a gate to the Vaults.
 22599 | D:14     | Reached skill level 22 in Axes
 22643 | D:14     | Found a runed translucent gate.
 22643 | D:14     | Found a runed translucent gate.
 22643 | D:14     | Found a runed translucent gate.
 22644 | D:14     | Found an opulent altar of Gozag.
 22645 | D:14     | Noticed a frost giant
 22645 | D:14     | Noticed Fooseb's ghost (journeyman DjNe)
 22648 | D:14     | Found Ifaf's Assorted Antiques.
 22667 | D:14     | Mangled by a frost giant

Illustrated notes

Levels and vault maps discovered:
D:1:      dreamdust_arrival_beginning_and_end, layout_rooms, nrook_loot_triangle
D:2:      layout_basic, basic_altar, grunt_decor_fettered, grunt_ministairs_7,
          minmay_randomly_rotated_circles
D:3:      layout_loops_ring, evilmike_ruin_ashenzari,
          hellmonk_ecumenical_altar_zigzags, grunt_ministairs_13
D:4:      layout_cave_pools, fedhas_altar_fruit_tree,
          nicolae_overflow_hidden_temple, mainiacjoe_overflow_alcove_1,
          minmay_temple_entry_mini_moons, cheibrodos_sewer_entry_drain,
          kennysheep_small_circle
D:5:      layout_loops_ring, serial_shops, nicolae_shop_bloodbath_and_beyond,
          nicolae_ossuary_entry_plus, minmay_strange_pillars
D:6:      layout_basic
D:7:      layout_basic, minmay_puff
D:8:      layout_loops_cross, hangedman_ru_absence, xom_butterflies,
          lair_entry_dummy, nicolae_transporter_circle, uniq_prince_ribbit1
D:9:      layout_long_grid, mainiacjoe_overflow_concentric_impassable,
          serial_shops, shop, uniq_erica
D:10:     layout_roguey, nicolae_overflow_crystal_walls, serial_shops,
          nicolae_shop_stone
D:11:     layout_irregular_city, minmay_shattered_shrine, uniq_grum
D:12:     layout_loops_corners, hiddenorc2_lemuel, uniq_kirke
D:13:     layout_rooms, portal_ice_cave_entry_imps,
          nrook_guardian_serpent_ordinary, uniq_nessos
D:14:     layout_cave_pods, david_vaults_3, ebering_ghost_gozag,
          hangedman_decor_slide_cut, minmay_crystal_water
Temple:   nicolae_temple_superstar
Lair:1:   layout_layer_cave, serial_bayou_shore_b
Lair:2:   cheibrodos_lair_overgrown_chateau, layout_gridlike,
          guppyfry_snake_entry_island
Lair:3:   dreamdust_isle_of_ice, layout_hall_layers, minmay_swamp_entry_worms,
          grunt_forest_large_clearing_hut, uniq_fannar
Lair:4:   beast_lair_carwin_large_2, layout_gridlike, dpeg_slime_entry_corner,
          disabler_island
Lair:5:   gammafunk_lair_ancient_temple, layout_small_grid

Skill      XL: |  1  2  3  4  5  6  7  8  9 10 11 12 13 14 |
---------------+-------------------------------------------+-----
Axes           | 4 5 6 8 11 13 15 16 18 19 22 | 22.2
Armour         | 1 2 3 4 5 7 9 11 | 11.5
Fighting       | 4 5 6 8 10 11 12 13 14 15 | 15.0
Dodging        | 4 5 6 7 9 10 11 | 11.2
Stealth        | |  1.5

Action                   |  1- 3 |  4- 6 |  7- 9 | 10-12 | 13-15 || total
-------------------------+-------+-------+-------+-------+-------++-------
Melee: Hand axe          |    78 |     6 |       |       |       ||    84
       Headbutt          |    11 |    20 |    68 |    83 |    79 ||   261
       Punch             |     1 |       |       |       |       ||     1
       War axe           |       |   107 |   344 |    18 |       ||   469
       Battleaxe         |       |       |       |   386 |   117 ||   503
       Flail             |       |       |       |     3 |     7 ||    10
       Executioner's axe |       |       |       |       |   226 ||   226
Throw: Dart              |       |       |       |     1 |       ||     1
       Throwing net      |       |       |       |     1 |     1 ||     2
Invok: Call Merchant     |       |       |       |       |     1 ||     1
Evoke: Wand              |       |       |       |     3 |     1 ||     4
  Use: Potion            |     2 |     1 |     1 |     3 |     7 ||    14
       Scroll            |     1 |       |    19 |    10 |     9 ||    39
 Stab: Sleeping          |     1 |       |       |       |       ||     1
       Distracted        |       |       |     1 |     4 |     1 ||     6
       Petrifying        |       |       |       |       |     1 ||     1
       Paralysed         |       |       |       |       |     1 ||     1
Armor: Robe              |     3 |       |       |       |       ||     3
       Ring mail         |    31 |    33 |    37 |       |       ||   101
       Scale mail        |       |       |    67 |       |       ||    67
       Chain mail        |       |       |    94 |   225 |   278 ||   597
Dodge: Dodged            |    72 |    76 |   211 |   191 |   268 ||   818

Table legend: (Time is in decaauts)
 A = Elapsed time spent in this place.
 B = Non-inter-level travel time spent in this place.
 C = Inter-level travel time spent in this place.
 D = Time resting spent in this place.
 E = Time spent auto-exploring this place.
 F = Levels seen in this place.
 G = Mean time per level.
                   A        B        C        D        E       F      G
               +--------+--------+--------+--------+--------+-----+--------+
         Total |  22864 |  22093 |    771 |   1857 |  15204 |  22 | 1039.3 |
       Dungeon |  12932 |  12410 |    522 |    579 |   8931 |  14 |  923.7 |
        Temple |     18 |     18 |      0 |      0 |      0 |   1 |   18.0 |
          Lair |   8454 |   8206 |    248 |   1196 |   5545 |   5 | 1690.8 |
         Sewer |    878 |    878 |      0 |     82 |    352 |   1 |  878.0 |
       Ossuary |    579 |    579 |      0 |      0 |    375 |   1 |  579.0 |
               +--------+--------+--------+--------+--------+-----+--------+

Top non-repeatable levels by time:
  Lair:2: 2686 daAuts
    D:11: 1775 daAuts
    D:12: 1691 daAuts
  Lair:3: 1602 daAuts
  Lair:1: 1463 daAuts
  Lair:5: 1362 daAuts
  Lair:4: 1340 daAuts
    D:10: 1273 daAuts
     D:9: 1136 daAuts
     D:2: 1054 daAuts
     D:7: 938 daAuts
     D:5: 938 daAuts
   Sewer: 878 daAuts
     D:6: 802 daAuts
     D:3: 760 daAuts
